 Dungeon Crawl Stone Soup version 0.20.1-1-g8b1a95d (webtiles) character file.

1358 raph the Spear-Bearer (level 8, -7/61 HPs)
             Began as a Merfolk Gladiator on Dec 27, 2017.
             Was a Believer of Yredelemnul.
             Killed by divine providence
             ... invoked by an orc priest
              (12 damage)
             ... on level 6 of the Dungeon.
             The game lasted 00:13:26 (7022 turns).

raph the Spear-Bearer (Merfolk Gladiator)           Turns: 7022, Time: 00:13:28

Health: -7/61      AC:  8    Str: 14    XL:     8   Next: 64%
Magic:  11/11      EV: 15    Int: 12    God:    Yredelemnul [**....]
Gold:   287        SH:  0    Dex: 17    Spells: 7/7 levels left

rFire    . . .     SeeInvis .   a - +0 trident
rCold    . . .     Gourm    .   (no shield)
rNeg     . . .     Faith    .   w - +0 ring mail
rPois    +         Spirit   .   c - +0 helmet
rElec    .         Reflect  .   m - +0 cloak
rCorr    .         Harm     .   l - +0 pair of gloves
MR       .....                  (no boots)
Stlth    +.........             h - amulet of magic regeneration
Regen    0.2/turn               i - ring of poison resistance
MPRegen  0.2/turn               A - +4 ring of intelligence

@: no status effects
A: change form in water, swift swim, stealthy swim
a: Animate Remains, Recall Undead Slaves, Injury Mirror, Renounce Religion


You were on level 6 of the Dungeon.
You worshipped Yredelemnul.
Yredelemnul was pleased with you.
You were not hungry.

You visited 1 branch of the dungeon, and saw 6 of its levels.

You collected 287 gold pieces.

Inventory:

Hand Weapons
 a - a +0 trident (weapon)
 v - a +0 halberd
Missiles
 d - 3 throwing nets
 k - 13 tomahawks (quivered)
Armour
 c - a +0 helmet (worn)
 l - a +0 pair of gloves (worn)
 m - a +0 cloak (worn)
 w - a +0 ring mail (worn)
Jewellery
 h - an amulet of magic regeneration (around neck)
 i - a ring of poison resistance (left hand)
 y - an uncursed ring of ice
 A - a +4 ring of intelligence (right hand)
Scrolls
 b - a scroll of blinking
 e - 4 scrolls of amnesia
 j - a scroll of fog
 n - a scroll of teleportation
Potions
 g - 2 potions of agility
 o - 3 potions of curing
 p - 2 potions of heal wounds
 s - a potion of flight {unknown}
 t - a potion of cancellation
 B - a potion of invisibility
Comestibles
 f - 6 bread rations
 q - 2 meat rations
 r - a royal jelly
 u - 5 fruits


   Skills:
 + Level 4.7 Fighting
 * Level 9.7 Polearms
 + Level 4.6 Throwing
 + Level 0.8 Armour
 + Level 6.7 Dodging
 + Level 4.0 Invocations


You had 7 spell levels left.
You didn't know any spells.

Dungeon Overview and Level Annotations

Branches:
Dungeon (6/15)
 Temple: D:4-7

Altars:
Ashenzari
Elyvilon
Kikubaaqudgha
Nemelex Xobeh
Qazlal
Uskayaw
Vehumet
Yredelemnul


Message History

Your orc skeleton is destroyed!
The orc priest hits your orc zombie with a war axe.
The orc priest shouts!
You barely miss the orc warrior.
The orc warrior is severely wounded.
The orc warrior hits you with a long sword!
* * * LOW HITPOINT WARNING * * *
Your orc zombie hits the orc priest.
You hit the orc warrior.
The orc warrior is severely wounded.
The orc priest hits your orc zombie with a war axe.
Your orc zombie is destroyed!
You barely miss the orc warrior.
The orc warrior is severely wounded.
The orc warrior hits you with a long sword!
* * * LOW HITPOINT WARNING * * *
The orc priest invokes the aid of Beogh against you.
Beogh smites you!
You die...
Your body rises from the dead as a mindless zombie.

# ###......#..#...............
#.......##..##..............
#####...###..#...#.#.#..........
##......##
#..#.....#.#.......... ##.#....#
##..#...#.#.#..........
...#.##.#
#.......#...#..........
####.#..#
#.###.#...#.........)..
...#...##
#.###.##....#........## ......##
#.#.)[@..........##### .....##
##...oo##.........# .#...#
#...#.........(...# # ####.#
#..#..............# 8 # #.##
#.................# ## #
#..####?......._....##### #
##..##..............#
###.................#
#...#..Z.......⌠....#####


You could see an orc warrior and an orc priest.

Vanquished Creatures
  An orc warrior (D:6)
  An ice beast (D:6)
  A centaur (D:5)
  2 scorpions (D:5)
  A wyvern skeleton (D:6)
  2 crimson imps (D:5)
  An orc priest (D:6)
  A bullfrog skeleton (D:5)
  An orc wizard (D:6)
  A centaur skeleton (D:6)
  3 worker ants
  2 hound skeletons
  4 gnolls (D:4)
  9 adders
  3 oozes
  An adder skeleton (D:6)
  A dart slug (D:1)
  4 leopard geckos
  12 orcs
  A ball python (D:2)
  10 bats
  4 giant cockroaches
  7 hobgoblins
  7 jackals
  3 kobolds (D:1)
  5 frilled lizards
  10 goblins
  A leopard gecko skeleton (D:4)
  6 rats
  2 fungi (D:5)
107 creatures vanquished.

Vanquished Creatures (collateral kills)
  Sigmund (D:5)
  A phantom (D:4)
  An ogre (D:4)
  A bullfrog (D:6)
  A howler monkey (D:4)
  A bullfrog zombie (D:5)
  An orc priest (D:4)
  An orc wizard (D:5)
  3 worker ants
  3 orcs
  3 bats (D:5)
  A frilled lizard (D:5)
  3 fungi (D:5)
21 creatures vanquished.

Vanquished Creatures (others)
  A bat zombie (D:5)
  An orc skeleton (D:6)
  3 orc zombies (D:6)
5 creatures vanquished.

Grand Total: 133 creatures vanquished

Notes
Turn   | Place    | Note
-------+----------+-------------------------------------------
     0 | D:1      | raph the Merfolk Gladiator began the quest for the Orb.
     0 | D:1      | Reached XP level 1. HP: 16/16 MP: 1/1
    98 | D:1      | Reached XP level 2. HP: 5/22 MP: 2/2
   426 | D:1      | Reached skill level 5 in Polearms
   657 | D:1      | Reached XP level 3. HP: 24/28 MP: 3/3
   974 | D:2      | Found a basalt altar of Yredelemnul.
   974 | D:2      | Found a shattered altar of Ashenzari.
   979 | D:2      | Found a stormy altar of Qazlal.
   991 | D:2      | Became a worshipper of Yredelemnul the Dark
  1034 | D:2      | Reached XP level 4. HP: 34/34 MP: 4/4
  1257 | D:2      | Reached skill level 6 in Polearms
  1684 | D:3      | Found an ancient bone altar of Kikubaaqudgha.
  1684 | D:3      | Found a sparkling altar of Nemelex Xobeh.
  1759 | D:3      | Found a hide-covered altar of Uskayaw.
  2131 | D:4      | Reached skill level 1 in Invocations
  2131 | D:4      | Reached XP level 5. HP: 37/40 MP: 5/5
  2141 | D:4      | Reached * piety under Yredelemnul
  3031 | D:4      | Reached skill level 5 in Dodging
  3045 | D:4      | Reached XP level 6. HP: 33/47 MP: 7/7
  3250 | D:4      | Reached skill level 7 in Polearms
  3715 | D:4      | Noticed a phantom
  3744 | D:4      | Killed a phantom
  3744 | D:4      | Reached XP level 7. HP: 41/52 MP: 8/8
  4237 | D:5      | Entered Level 5 of the Dungeon
  4395 | D:5      | Reached skill level 8 in Polearms
  4604 | D:5      | Reached ** piety under Yredelemnul
  5274 | D:5      | Reached XP level 8. HP: 48/60 MP: 10/10
  5626 | D:6      | Found a white marble altar of Elyvilon.
  5690 | D:6      | Found a radiant altar of Vehumet.
  5705 | D:6      | Noticed Sigmund
  5732 | D:5      | Killed Sigmund
  5732 | D:5      | Reached skill level 9 in Polearms
  7022 | D:6      | Killed from afar by an orc priest

Skill      XL: |  1  2  3  4  5  6  7  8 |
---------------+-------------------------+-----
Polearms       | 5 6 7 8 9 |  9.7
Invocations    | 1 2 3 4 |  4.0
Fighting       | 3 4 |  4.7
Throwing       | 3 4 |  4.6
Dodging        | 5 6 |  6.7
Armour         | |  0.8

Action                   |  1- 3 |  4- 6 |  7- 9 || total
-------------------------+-------+-------+-------++-------
Melee: Trident           |   106 |   177 |   289 ||   572
Throw: Tomahawk          |       |     6 |     5 ||    11
Invok: Animate Remains   |       |     4 |    12 ||    16
  Use: Scroll            |       |    12 |     4 ||    16
 Stab: Sleeping          |       |     2 |       ||     2
       Distracted        |       |       |     1 ||     1
  Eat: Chunk             |       |     9 |    10 ||    19
       Meat ration       |       |       |     1 ||     1
       Royal jelly       |       |       |     1 ||     1
       Fruit             |       |       |     1 ||     1
Armor: Leather armour    |    21 |     4 |       ||    25
       Ring mail         |       |    28 |    50 ||    78
Dodge: Dodged            |    67 |    92 |   175 ||   334
